 Dungeon Crawl Stone Soup version 0.22-a0-467-g5c5de1cb09 (webtiles) character file.

844 Foic the Cudgeler (level 7, -2/67 HPs)
             Began as a Troll Fighter on June 10, 2018.
             Slain by a hound (5 damage)
             ... on level 5 of the Dungeon.
             The game lasted 00:27:42 (4480 turns).

Foic the Cudgeler (Troll Fighter)                   Turns: 4480, Time: 00:27:42

Health: -2/67      AC:  4    Str: 27    XL:     7   Next: 68%
Magic:  6/6        EV:  1    Int:  4    God:
Gold:   254        SH:  0    Dex: -1 (9) Spells: 6/6 levels left

rFire    . . .     SeeInvis .   a - +0 flail
rCold    . . .     Gourm    +   q - +0 large shield
rNeg     . . .     Faith    .   b - +0 robe
rPois    .         Spirit   .   (helmet restricted)
rElec    .         Reflect  .   (no cloak)
rCorr    .         Harm     .   (gloves unavailable)
MR       .....     Clarity  +   (boots unavailable)
Stlth    ..........             (no amulet)
HPRegen  0.61/turn              (no ring)
MPRegen  0.10/turn              (no ring)

@: slowed, lost dexterity, very slow
A: large, unfitting armour, claws 3, clarity, deformed body, fast metabolism 3,
gourmand, regeneration 1, shaggy fur 1, tough skin 2, sturdy frame 1
a: no special abilities


You were on level 5 of the Dungeon.
You were not hungry.

You visited 1 branch of the dungeon, and saw 6 of its levels.

You collected 254 gold pieces.

Inventory:

Hand Weapons
 a - a +0 flail (weapon)
Missiles
 g - 7 tomahawks
 h - 120 stones (quivered)
 j - 4 large rocks
Armour
 b - a +0 robe (worn)
 c - a +0 shield
 q - a +0 large shield (worn)
Wands
 k - a wand of flame (19)
Scrolls
 e - 3 scrolls of remove curse
 m - 7 scrolls of identify
 o - a scroll of magic mapping
Potions
 d - a potion of might
 l - a potion of mutation
Comestibles
 f - 9 rations


   Skills:
 + Level 3.4 Fighting
 + Level 4.9 Maces & Flails
 + Level 0.1 Throwing
 + Level 4.3 Dodging
 + Level 1.1 Stealth
 + Level 4.0 Shields


You had 6 spell levels left.
You didn't know any spells.
Your spell library contained the following spells:

 Spells                   Type           Power        Failure   Level  Hunger
 Controlled Blink         Tloc           N/A          100%        8    #######
 Dispersal                Tloc           #.........   100%        6    #######
 Portal Projectile        Hex/Tloc       #.....       100%        3    ####...
 Disjunction              Tloc           #.........   100%        8    #######
 Force Lance              Conj/Tloc      #.......     100%        4    #####..
 Gell's Gravitas          Tloc           #.........   100%        3    ####...


Dungeon Overview and Level Annotations

Branches:
Dungeon (6/15)
 Temple: D:4-7

Altars:
Fedhas
Kikubaaqudgha


Innate Abilities, Weirdness & Mutations

You are too large for most types of armour.
You have claws for hands.
Your metabolism is lightning-fast.
You like to eat raw meat.
Your natural rate of healing is unusually fast.
You are covered in fur. (AC +1)
You have very tough skin. (AC +2)
You possess an exceptional clarity of mind.
Armour fits poorly on your strangely shaped body.
Your movements are slightly less encumbered by armour. (ER -2)


Message History

The hound bites you.
* * * LOW HITPOINT WARNING * * *
The hound bites you but does no damage. The hound bites you.
* * * LOW HITPOINT WARNING * * *
Your shield prevents you from hitting the hound.
The hound is heavily wounded.
The hound bites you.
* * * LOW HITPOINT WARNING * * *
The hound bites you but does no damage. The hound bites you.
* * * LOW HITPOINT WARNING * * *
You miss the hound.
The hound is heavily wounded.
The hound bites you but does no damage. The hound bites you.
* * * LOW HITPOINT WARNING * * *
You closely miss the hound.
The hound is heavily wounded.
The hound bites you.
* * * LOW HITPOINT WARNING * * *
The hound bites you.
You die...

.........# #.##.#########.#
.........# #.#..........#.#
.........# #.#..#######.#.#
.........# #.#..#..# #.#.#
.........# #.#..#..# #.#.#
.........#####.#..#..####.#.#
................o>#.......#.#
.........#####.#h##.#######.#
##.####### #.#@#.......<#.#
#.###########.#.##########.#
#........[(...#............#
#.##########################
#.# #.# #.# ##### ##.# #...#
...################.#.##


You could see a hound and an orc.

Vanquished Creatures
  A centaur (D:5)
  A howler monkey (D:5)
  3 crimson imps (D:5)
  2 quasits (D:5)
  A hound (D:4)
  4 orc wizards
  3 iguanas
  5 worker ants
  A hound skeleton (D:5)
  9 adders
  4 oozes (D:1)
  2 worms
  A dart slug (D:3)
  6 leopard geckos
  7 orcs
  9 bats
  4 giant cockroaches
  7 goblins
  8 hobgoblins
  8 jackals
  2 quokkas (D:4)
  A ball python (D:1)
  5 frilled lizards
  9 kobolds
  A leopard gecko skeleton (D:5)
  A quokka zombie (D:5)
  6 rats
111 creatures vanquished.

Notes
Turn   | Place    | Note
-------+----------+-------------------------------------------
     0 | D:1      | Foic the Troll Fighter began the quest for the Orb.
     0 | D:1      | Reached XP level 1. HP: 22/22 MP: 0/0
   116 | D:1      | Reached XP level 2. HP: 29/29 MP: 1/1
   389 | D:1      | Reached XP level 3. HP: 36/36 MP: 2/2
   446 | D:1      | Gained mutation: Armour fits poorly on your strangely shaped body. [potion of mutation]
   446 | D:1      | Gained mutation: Your movements are slightly less encumbered by armour. (ER -2) [potion of mutation]
   446 | D:1      | Gained mutation: You possess an exceptional clarity of mind. [potion of mutation]
   917 | D:2      | Reached XP level 4. HP: 18/44 MP: 3/3
  1639 | D:3      | Reached XP level 5. HP: 50/52 MP: 4/4
  2622 | D:4      | Reached XP level 6. HP: 26/61 MP: 5/5
  2783 | D:4      | Reached skill level 1 in Stealth
  3230 | D:5      | Entered Level 5 of the Dungeon
  3426 | D:5      | Reached XP level 7. HP: 67/67 MP: 6/6
  3431 | D:5      | Found an ancient bone altar of Kikubaaqudgha.
  3468 | D:5      | Found a blossoming altar of Fedhas.
  4025 | D:5      | Lost dexterity.
  4480 | D:5      | HP: 3/67 [hound (4)]
  4480 | D:5      | Slain by a hound

Vault maps used:
D:1:      lightli_molten_gateway
D:3:      wad_pebble_path
D:4:      first_ration, kennysheep_generic_room_12
D:5:      lemuel_crystal_altar, fedhas_altar_3
D:6:      marbit_many_paths, lemuel_temple_firewalk_a, feat_on_display,
          uniq_pikel

Skill      XL: |  1  2  3  4  5  6  7 |
---------------+----------------------+-----
Maces & Flails | 2 3 4 |  4.9
Dodging        | 3 4 |  4.3
Shields        | 3 4 |  4.0
Fighting       | 3 |  3.4
Stealth        | 1 |  1.1
Throwing       | |  0.1

Action                   |  1- 3 |  4- 6 |  7- 9 || total
-------------------------+-------+-------+-------++-------
Melee: Flail             |   179 |   270 |   132 ||   581
Throw: Stone             |       |     7 |       ||     7
  Use: Scroll            |     2 |     3 |     3 ||     8
       Potion            |     2 |     2 |     1 ||     5
 Stab: Sleeping          |     2 |     1 |       ||     3
  Eat: Chunk             |    14 |    24 |     8 ||    46
Armor: Robe              |    77 |    68 |   136 ||   281
Dodge: Dodged            |    78 |   100 |    57 ||   235
Block: Shield            |   126 |   121 |       ||   247
       Large shield      |       |       |   124 ||   124

Table legend:
 A = Spawn XP
 B = Non-spawn XP
 C = Spawn XP percentage of total XP
 D = Spawn monster count
 E = Non-spawn monster count
 F = Spawn count percentage of total count
 G = Total turns spent on level
                    A         B        C        D         E        F      G
               +---------+---------+-------+---------+---------+-------+---------
         Total |       0 |    1206 |   0.0 |       0 |     111 |   0.0 |  4480
               +---------+---------+-------+---------+---------+-------+---------
           D:1 |       0 |      67 |   0.0 |       0 |      27 |   0.0 |   688
           D:2 |       0 |      86 |   0.0 |       0 |      26 |   0.0 |   705
           D:3 |       0 |      53 |   0.0 |       0 |      14 |   0.0 |   861
           D:4 |       0 |     323 |   0.0 |       0 |      18 |   0.0 |   976
           D:5 |       0 |     677 |   0.0 |       0 |      26 |   0.0 |  1240
               +---------+---------+-------+---------+---------+-------+---------
